 Dungeon Crawl Stone Soup version 0.29.0-13-gc9e81de378 (webtiles) character file.

Game seed: 1886393116496695863

9 thalacas the Sneak (level 2, -2/26 HPs)
             Began as a Meteoran Delver on Sept 9, 2022.
             Slain by a scorpion (5 damage)
             ... on level 4 of the Dungeon.
             The game lasted 00:00:44 (157 turns).

thalacas the Sneak (Meteoran Delver)                 Turns: 157, Time: 00:00:45

Health: -2/26      AC:  3    Str: 13    XL:     2   Next: 35%
Magic:  3/3        EV: 12    Int: 11    God:
Gold:   52         SH:  0    Dex: 15    Spells: 1/1 levels left

rFire   . . .      SeeInvis .   a - +0 falchion
rCold   . . .      Faith    .   (no shield)
rNeg    . . .      Spirit   .   b - +0 leather armour
rPois   .          Reflect  .   (no helmet)
rElec   .          Harm     .   (no cloak)
rCorr   .          Rampage  .   (no gloves)
Will    .....                   (no boots)
Stlth   +.........              (no amulet)
HPRegen 0.08/turn               (no ring)
MPRegen 0.08/turn               (no ring)

@: glowing
A: sense surroundings 1, otherworldly, glowing, explore regen
a: no special abilities


You were on level 4 of the Dungeon.
You visited 1 branch of the dungeon, and saw 2 of its levels.

You collected 52 gold pieces.

Inventory:

Hand Weapons
 a - a +0 falchion (weapon)
Armour
 b - a +0 leather armour (worn)
Wands
 g - a wand of digging (3)
Scrolls
 c - a scroll of fog
 d - a scroll of magic mapping
 e - a scroll of fear
Potions
 f - a potion of haste
 h - a potion of lignification {unknown}


   Skills:
 + Level 3.4 Fighting
 + Level 2.5 Long Blades
 + Level 2.5 Dodging
 + Level 4.0 Stealth


You had one spell level left.
You didn't know any spells.
Your spell library was empty.

Dungeon Overview and Level Annotations

Branches:
Dungeon (5/15) Zot: 1041
 Temple: D:4-7

Altars:


Innate Abilities, Weirdness & Mutations

You passively map a small area around you.
You are easily found by Zot.
You glow in the dark.
You regain HP and MP as you explore.


Message History

The orc wizard mumbles some strange words.
The orc wizard flickers and vanishes!
Deactivating autopickup; reactivate with Ctrl-A.
The orc attacks as you move away! The orc misses you.
There is an escape hatch in the ceiling here.
A mysterious force pulls you upwards. The hatch slams shut behind you.
The ufetubus shouts!
Reactivating autopickup.
You hear an angry hiss.
Found a glowing grey potion and 20 gold pieces.
You hit the orc.
The orc is severely wounded.
The orc closely misses you. The orc attacks as you move away!
The orc hits you with a +0 falchion.
An adder comes into view.
Found a stone staircase leading up.
The adder hisses angrily.
The ufetubus hits you but does no damage.
The ufetubus misses you. The ufetubus closely misses you.
The ufetubus hits you but does no damage.
The ufetubus closely misses you. The ufetubus barely misses you.
The worm bites you! The ufetubus hits you. The ufetubus closely misses you.
The worm barely misses you.
You hit the worm.
The worm is moderately wounded.
The ufetubus hits you but does no damage.
The ufetubus barely misses you.
The ufetubus hits you but does no damage.
The ufetubus hits you.
* * * LOW HITPOINT WARNING * * *
The orc hits you with a +0 falchion.
* * * LOW HITPOINT WARNING * * *
The ufetubus barely misses you. x2
The ufetubus attacks as you move away! The ufetubus closely misses you.
The ufetubus barely misses you.
The scorpion stings you but does no damage.
The ufetubus barely misses you. The ufetubus closely misses you.
The ufetubus attacks as you move away! The ufetubus misses you. x2
The scorpion stings you.
You die...

* ##### #<..# ,*
#@..# , ###s5##
, . ,#
####..wo##
...#.#....S...#
.............##
............###
##.....#....!.#
*
*#......#.....##
.......#.....#


You could see a worm, a scorpion, an adder, an orc and an ufetubus.

Vanquished Creatures
  An adder (D:5)
1 creature vanquished.

Notes
Turn   | Place    | Note
-------+----------+-------------------------------------------
     0 | D:5      | thalacas the Meteoran Delver began the quest for the Orb.
     0 | D:5      | Reached XP level 1. HP: 19/19 MP: 2/2
    37 | D:5      | Reached skill level 4 in Stealth
    37 | D:5      | Reached XP level 2. HP: 19/26 MP: 3/3
   144 | D:5      | Noticed an ice beast
   148 | D:4      | Noticed a scorpion
   157 | D:4      | Slain by a scorpion

Illustrated notes

Levels and vault maps discovered:
D:4:      layout_cave_pools, mainiacjoe_overflow_six_doors_small,
          minmay_shop_grid_forest
D:5:      layout_gridville, uniq_crazy_yiuf_cottage

Skill      XL: |  1 |
---------------+----+-----
Stealth        | 4 |  4.0
Fighting       | |  3.4
Long Blades    | |  2.5
Dodging        | |  2.5

Action                   || total
-------------------------++-------
Melee: Falchion          ||     7
Armor: Leather armour    ||     8
Dodge: Dodged            ||    23
